 Dungeon Crawl Stone Soup version 0.19-a0-277-g85cb9a5 (webtiles) character file.

9427 epen the Spear-Bearer (level 11, 0/87 HPs)
             Began as a Merfolk Chaos Knight on May 26, 2016.
             Killed by vampiric draining
             ... invoked by Josephine
              (9 damage)
             ... on level 10 of the Dungeon.
             The game lasted 00:21:06 (12607 turns).

epen the Spear-Bearer (Merfolk Chaos Knight)       Turns: 12607, Time: 00:21:07

Health: 0/87       AC: 17    Str: 14    XL:     11   Next: 46%
Magic:  12/12      EV: 20    Int: 12    God:    Xom [...*..]
Gold:   525        SH:  0    Dex: 19    Spells: 0 memorised, 10 levels left

rFire  . . .     SeeInvis .     x - +4 spear (vamp)
rCold  . . .     Gourm    .     D - +0 steam dragon armour
rNeg   . . .     Faith    .     (no shield)
rPois  .         Spirit   .     h - +2 helmet
rElec  .         Dismiss  .     G - +1 cloak
rCorr  .         Reflect  .     y - +0 pair of gloves
SustAt .         Harm     .     (no boots)
MR     .....                    (no amulet)
Stlth  ++........               p - +6 ring of dexterity
                                C - +4 ring of protection

@: hasted and slowed, not resistant to hostile enchantments, unstealthy
A: change form in water, swift swim, low mp 1, weak 1, subdued magic 1
a: Renounce Religion


You were on level 10 of the Dungeon.
You worshipped Xom.
You were a favourite toy of Xom.
You were very hungry.

You visited 1 branch of the dungeon, and saw 10 of its levels.

You collected 525 gold pieces.

Inventory:

Hand Weapons
 a - a +0 spear of chaos
 v - a +1 spear of chaos
 x - a +4 vampiric spear (weapon)
Missiles
 w - 4 throwing nets (quivered)
Armour
 b - a +2 leather armour
 h - a +2 helmet (worn)
 k - a +0 helmet
 y - a +0 pair of gloves (worn)
 B - a +0 ice dragon armour
 D - a +0 steam dragon armour (worn)
 G - a +1 cloak (worn)
Jewellery
 i - an uncursed ring of wizardry
 p - a +6 ring of dexterity (right hand)
 u - a cursed ring of loudness {unknown}
 C - a +4 ring of protection (left hand)
 L - a +2 ring of intelligence {unknown}
Wands
 s - a wand of flame (20/48)
 z - a wand of polymorph (9/24)
 K - a wand of confusion (28/48)
 M - a wand of acid (5/15)
Scrolls
 e - a scroll of identify
 g - 3 scrolls of magic mapping
 l - a scroll of fog
 o - a scroll of noise
 q - 4 scrolls of remove curse
 A - 2 scrolls of enchant armour
 N - a scroll of amnesia
Potions
 d - 6 potions of brilliance
 m - 2 potions of lignification
 n - 6 potions of flight
 t - a potion of curing
 E - a potion of berserk rage
 J - a potion of degeneration {unknown}
Comestibles
 c - 9 bread rations
 f - 6 meat rations
 r - 6 fruits
 H - 2 beef jerkies
 I - 7 slices of pizza


   Skills:
 + Level 8.5 Fighting
 * Level 14.2 Polearms
 * Level 7.8 Armour
 + Level 9.4 Dodging
 + Level 3.2 Evocations


You had 10 spell levels left.
You didn't know any spells.

Dungeon Overview and Level Annotations

Branches:
Dungeon (10/15)            Temple (0/1) D:4            Lair (0/8) D:9
    Orc: D:9-12

Altars:
Ashenzari
Cheibriados
Fedhas
Gozag
Hepliaklqana
Kikubaaqudgha
Nemelex Xobeh
Ru
Xom
Zin
The Shining One

Shops:
D:10 (

Annotations:
D:10 Josephine


Innate Abilities, Weirdness & Mutations

You revert to your normal form in water.
You are very nimble and swift while swimming.
Your magical capacity is low. (-10% MP)
You are weak. (Str -2)
Your spells are a little easier to cast, but a little less powerful.


Message History

The wraith barely misses you. The wraith misses you.
You hit Josephine.
Josephine is almost dead.
Josephine is infused with unholy energy.
* * * LOW HITPOINT WARNING * * *
Josephine draws life force from you and is healed!
The wraith misses you. The wraith closely misses you.
Unknown command.
Drink which item? (? for menu, Esc to quit)
Okay, then.
Read which item? (? for menu, Esc to quit)
Okay, then.
Drink which item? (? for menu, Esc to quit)
You feel yourself speed up. The wraith closely misses you. The wraith hits you!
* * * LOW HITPOINT WARNING * * *
The wraith drains your vigour!
You feel as though you will be slow longer.
Josephine is infused with unholy energy.
You die...
Xom chuckles heartily!

#....#### ##..####.......##
#...## #...##....##..# #..##
##........###..# ##..#
#######........#####.# ###...##
#⌠.⌠.#...............#
##......###.∩................)#.
....###..#.⌠.⌠...........##### ##
....# #.........W@.......#### ###
....####........@W..........##...
#....##.........WW.#...........#
#....#.........####...........##
#............>## #..#####....#
#.......#.....# #### #....#
.......###....# ##....#
........###...## ##.....#.
...........#...# ##.(.....#
...#..<........## ##......###


You could see Josephine and 4 wraiths.

Vanquished Creatures
  Harold (D:10)
  Erolcha (D:8)
  Sonja (D:10)
  2 hill giants (D:10)
  A troll (D:7)
  A two-headed ogre (D:9)
  2 wyverns
  4 yaks (D:9)
  A hog (D:8)
  A human (D:8)
  Eustachio (D:5)
  A basilisk (shapeshifter) (D:9)
  A hippogriff (D:10)
  A wraith (D:10)
  2 steam dragons (D:7)
  3 hungry ghosts
  Menkaure (D:6)
  A soldier ant (D:8)
  A porcupine (D:9)
  An ice beast (D:9)
  2 orc warriors (D:9)
  2 sky beasts
  A black bear (D:9)
  A black bear (shapeshifter) (D:5)
  An eye of draining (D:9)
  4 ogres
  A crocodile (D:10)
  3 centaurs
  4 giant frogs
  3 killer bees
  3 wights (D:8)
  5 electric eels (D:9)
  2 howler monkeys (D:7)
  7 crimson imps
  A centaur zombie (D:5)
  2 orc priests
  A centaur skeleton (D:9)
  A gnoll shaman (D:6)
  4 hounds
  4 iguanas
  5 orc wizards
  7 worker ants
  3 sheep (D:8)
  A hound skeleton (D:9)
  11 gnolls
  7 adders
  2 shadow imps
  An adder zombie (D:5)
  An adder skeleton (D:6)
  3 worms
  2 dart slugs
  5 giant geckos
  16 orcs
  12 bats
  6 giant cockroaches
  7 goblins
  11 hobgoblins
  11 jackals
  8 kobolds
  3 quokkas
  4 ball pythons
  A giant cockroach zombie (D:6)
  3 giant gecko skeletons
  2 giant newts
  A quokka skeleton (D:5)
  6 rats
219 creatures vanquished.

Vanquished Creatures (collateral kills)
  A phantom (D:4)
  A quasit (D:8)
2 creatures vanquished.

Vanquished Creatures (others)
  2 plants (D:9)
2 creatures vanquished.

Grand Total: 223 creatures vanquished

Notes
Turn   | Place    | Note
--------------------------------------------------------------
     0 | D:1      | epen the Merfolk Chaos Knight began the quest for the Orb.
     0 | D:1      | Reached XP level 1. HP: 18/18 MP: 1/1
    92 | D:1      | Reached XP level 2. HP: 24/24 MP: 2/2
   282 | D:1      | Reached skill level 1 in Armour
   448 | D:1      | Reached XP level 3. HP: 24/29 MP: 3/3
   534 | D:1      | Reached skill level 5 in Polearms
   733 | D:1      | XOM: divination: magic mapping
  1040 | D:1      | XOM: harmless Fire miscast
  1253 | D:2      | XOM: harmless Necr miscast
  1261 | D:2      | Reached XP level 4. HP: 37/37 MP: 4/4
  1389 | D:2      | XOM: silly message
  2192 | D:3      | XOM: 5-stop teleportation journey
  2219 | D:3      | XOM: 1-stop teleportation journey
  2306 | D:3      | XOM: chaos upgrade
  2313 | D:3      | XOM: mild Necr miscast
  2320 | D:3      | Reached XP level 5. HP: 36/41 MP: 5/5
  2862 | D:3      | Reached skill level 6 in Polearms
  2976 | D:3      | XOM: noise
  2998 | D:4      | Found a shimmering altar of Xom.
  3043 | D:4      | Noticed an ogre
  3044 | D:4      | XOM: 1-stop teleportation journey
  3048 | D:4      | Found a staircase to the Ecumenical Temple.
  3050 | D:4      | XOM: noise
  3057 | D:4      | XOM: smoke on damage
  3063 | D:4      | XOM: 1-stop teleportation journey
  3224 | D:4      | Killed an ogre
  3224 | D:4      | Reached XP level 6. HP: 29/48 MP: 6/6
  3323 | D:4      | XOM: fog
  3379 | D:4      | Noticed a phantom
  3379 | D:4      | XOM: harmless Air miscast
  3384 | D:4      | XOM: harmless Chrm miscast
  3385 | D:4      | XOM: summons 2 friendly demons
  3398 | D:4      | Killed a phantom
  3398 | D:4      | Reached skill level 7 in Polearms
  3487 | D:4      | HP: 1/48 [something (5)]
  3543 | D:4      | XOM: colour smoke trail
  3747 | D:4      | Reached XP level 7. HP: 51/55 MP: 7/7
  3778 | D:4      | XOM: summons 4 hostile shadow creatures
  3782 | D:5      | Entered Level 5 of the Dungeon
  3894 | D:5      | XOM: colour smoke trail
  3921 | D:4      | XOM: harmless Summ miscast
  3957 | D:4      | Found a glowing golden altar of the Shining One.
  3963 | D:4      | XOM: enchant monster (good)
  4089 | D:4      | Found a shimmering altar of Xom.
  4224 | D:5      | Found a sacrificial altar of Ru.
  4263 | D:5      | XOM: scenery: 1 doors open
  4284 | D:5      | Reached skill level 5 in Fighting
  4355 | D:5      | XOM: harmless Tmut miscast
  4399 | D:5      | XOM: god gift: 28 stones
  4407 | D:5      | Reached skill level 8 in Polearms
  4412 | D:5      | XOM: confuse monster(s)
  4421 | D:5      | Reached skill level 5 in Dodging
  4595 | D:5      | Found a sparkling altar of Nemelex Xobeh.
  4595 | D:5      | Found a blossoming altar of Fedhas.
  4712 | D:5      | Noticed Prince Ribbit
  4712 | D:5      | Noticed Prince Ribbit
  4712 | D:5      | Prince Ribbit changed into Prince Ribbit the black bear
  4712 | D:5      | XOM: polymorph Prince Ribbit -> Prince Ribbit the black bear
  4715 | D:5      | XOM: confuse monster(s)
  4723 | D:5      | Killed Prince Ribbit the black bear
  4723 | D:5      | Reached XP level 8. HP: 41/63 MP: 8/8
  4876 | D:5      | Found a shattered altar of Ashenzari.
  4962 | D:5      | Noticed Eustachio
  4978 | D:5      | XOM: potion effect (heal wounds)
  4981 | D:5      | XOM: silly message
  4997 | D:5      | XOM: potion effect (curing)
  5002 | D:5      | XOM: silly message
  5006 | D:5      | Killed Eustachio
  5006 | D:5      | Reached skill level 9 in Polearms
  5172 | D:6      | Noticed Menkaure
  5183 | D:6      | Killed Menkaure
  5262 | D:6      | XOM: divination: magic mapping
  5310 | D:6      | XOM: cast spell 'Spider Form'
  5577 | D:6      | Gained mutation: Your body sometimes deteriorates upon taking damage. [mutagenic meat]
  5578 | D:6      | Gained mutation: Your magical capacity is low. (-10% MP) [mutagenic meat]
  5579 | D:6      | Gained mutation: Your spells are a little easier to cast, but a little less powerful. [mutagenic meat]
  5624 | D:6      | Reached skill level 10 in Polearms
  5709 | D:6      | Reached XP level 9. HP: 62/69 MP: 8/8
  5892 | D:6      | Found an ancient bone altar of Kikubaaqudgha.
  5895 | D:6      | Found an opulent altar of Gozag.
  5898 | D:6      | Found a glowing silver altar of Zin.
  5996 | D:7      | XOM: polymorph centaur -> naga
  5998 | D:7      | XOM: mild Tloc miscast
  6001 | D:7      | XOM: polymorph naga -> wyvern
  6012 | D:7      | Reached skill level 5 in Armour
  6523 | D:7      | XOM: harmless Fire miscast
  7053 | D:7      | Reached skill level 11 in Polearms
  7317 | D:8      | Noticed a troll
  7340 | D:8      | Noticed Joseph
  7404 | D:7      | XOM: noise
  7409 | D:7      | XOM: cast spell 'Chain of Chaos'
  7411 | D:7      | XOM: fog
  7420 | D:7      | Killed a troll
  7718 | D:8      | Noticed Erolcha
  7852 | D:8      | XOM: vitrification
  7875 | D:8      | XOM: enchant monster (good)
  7916 | D:8      | XOM: confuse monster(s)
  7918 | D:8      | XOM: divination: detect items
  7919 | D:8      | Killed Erolcha
  7919 | D:8      | Reached skill level 12 in Polearms
  7919 | D:8      | Reached XP level 10. HP: 38/79 MP: 9/9
  8095 | D:8      | XOM: harmless Tmut miscast
  8250 | D:8      | XOM: harmless Conj miscast
  8339 | D:8      | Noticed Joseph
  8339 | D:8      | Joseph changed into Joseph the soldier ant
  8343 | D:8      | Killed Joseph the soldier ant
  8384 | D:8      | XOM: divination: detect creatures
  8751 | D:9      | XOM: harmless Tmut miscast
  8798 | D:9      | XOM: scenery: 1 doors close
  9019 | D:9      | XOM: god gift: potion of curing
  9065 | D:9      | XOM: god gift: 30 gold pieces {god gift}
  9156 | D:9      | XOM: summons 3 friendly demons
  9188 | D:9      | XOM: potion effect (invisibility)
  9196 | D:9      | Reached skill level 1 in Evocations
  9231 | D:9      | Reached skill level 13 in Polearms
  9575 | D:9      | XOM: fog
  9582 | D:9      | XOM: divination: detect creatures
  9897 | D:9      | XOM: scenery: create altars
  9910 | D:9      | XOM: enchant monster (good)
 10053 | D:9      | Found a staircase to the Lair.
 10084 | D:9      | XOM: vitrification
 10134 | D:9      | Found a snail-covered altar of Cheibriados.
 10260 | D:9      | Noticed a salamander
 10260 | D:9      | a hippogriff changed into a salamander
 10260 | D:9      | XOM: polymorph hippogriff -> salamander
 10271 | D:9      | XOM: swap monsters
 10279 | D:9      | a salamander changed into a raiju
 10301 | D:9      | Reached XP level 11. HP: 40/86 MP: 3/11
 10438 | D:9      | Found a hazy altar of Hepliaklqana.
 10768 | D:9      | XOM: give mutations
 10768 | D:9      | Gained mutation: Your muscles are strong. (Str +2) [Xom's mischief]
 10768 | D:9      | Lost mutation: Your body sometimes deteriorates upon taking damage. [Xom's mischief]
 10768 | D:9      | Lost mutation: Your muscles are strong. (Str +2) [Xom's mischief]
 10768 | D:9      | Gained mutation: You are weak. (Str -2) [Xom's mischief]
 11056 | D:10     | Entered Level 10 of the Dungeon
 11082 | D:10     | Noticed Sonja
 11084 | D:10     | XOM: enchant monster (good)
 11090 | D:10     | Killed Sonja
 11129 | D:10     | Noticed Josephine
 11266 | D:10     | Noticed a hill giant
 11291 | D:10     | Killed a hill giant
 11820 | D:10     | Found Tydamot Vifu's Weapon Boutique.
 11859 | D:10     | XOM: enchant monster (bad)
 11867 | D:10     | XOM: harmless Fire miscast
 11900 | D:10     | Noticed Harold
 11936 | D:10     | XOM: potion effect (might)
 11940 | D:10     | Killed Harold
 11940 | D:10     | Reached skill level 14 in Polearms
 11995 | D:10     | XOM: divination: magic mapping
 12177 | D:10     | Noticed a hill giant
 12189 | D:10     | XOM: potion effect (agility)
 12202 | D:10     | Killed a hill giant
 12271 | D:10     | XOM: 1-stop teleportation journey
 12607 | D:10     | Killed from afar by Josephine

Vault maps used:
D:1:      minmay_arrival_up_and_down
D:3:      minmay_misc_feat_tower
D:4:      kennysheep_little_box, nicolae_overflow_hidden_temple,
          temple_fountains, first_bread, lemuel_statue_altar
D:5:      lemuel_round_altar, minitemple, hangedman_ru_absence,
          uniq_prince_ribbit1, uniq_eustachio
D:6:      grunt_temple_overflow_diamond, uniq_menkaure
D:7:      kennysheep_steamy
D:8:      grunt_livestock, corner_web_ring, uniq_joseph, uniq_erolcha
D:9:      kennysheep_mini_moat, cheibriados_altar_1, lair_0_dummy,
          serial_bayou_lake_a
D:10:     serial_shops, shop_fountains, uniq_sonja, uniq_harold, uniq_josephine

Skill      XL: |  1  2  3  4  5  6  7  8  9 10 11 |
---------------+----------------------------------+-----
Dodging        | 3 4 5 6 8 9 |  9.4
Armour         | 1 2 3 4 6 7 |  7.8
Polearms       | 5 6 7 8 10 12 13 14 | 14.2
Fighting       | 4 5 6 7 8 |  8.5
Evocations     | 2 3 |  3.2

Action                   |  1- 3 |  4- 6 |  7- 9 | 10-12 || total
-------------------------+-------+-------+-------+-------++-------
Melee: Spear             |   133 |   259 |   487 |   672 ||  1551
       Tailslap          |       |       |     1 |     3 ||     4
Evoke: Wand              |       |       |       |     2 ||     2
  Use: Scroll            |       |    12 |     6 |     6 ||    24
       Potion            |       |     1 |     2 |     3 ||     6
 Stab: Petrifying        |     1 |     2 |     3 |       ||     6
       Sleeping          |     2 |     4 |     2 |       ||     8
       Confused          |       |     1 |     6 |       ||     7
       Paralysed         |       |     1 |    10 |       ||    11
       Petrified         |       |     1 |     2 |       ||     3
       Distracted        |       |       |     2 |       ||     2
       Invisible         |       |       |       |    14 ||    14
  Eat: Chunk             |     1 |     8 |    16 |    14 ||    39
       Beef jerky        |       |       |     1 |       ||     1
       Fruit             |       |       |       |     1 ||     1
       Pizza             |       |       |       |     1 ||     1
Armor: Leather armour    |    31 |    35 |    79 |       ||   145
       Steam dragon armo |       |       |    21 |    70 ||    91
Dodge: Dodged            |    65 |   107 |   253 |   228 ||   653
